Map: 블랙핑크 - 래더

Players

TYTY (TY)

  • Race: Terran Terran
  • League: Grandmaster
  • Spawn Location: 7:00

Zest - Winner!

  • Race: Protoss Protoss
  • Spawn Location: 1:00

VOD

Have the link to the VOD?

Description

Time

  • Played on: Dec. 22, 2017, 6:20 a.m.
  • Length: 11:15
Show
View Real Time Build Order
Export as new Build Order

TYTY Terran 

Build Orders: Gas First Reaper Expand, Reaper Expand, MMM Bio 

Get SALT Encoding   

  12  0:00  SCV  
  13  0:12  SCV  
  14  0:17  Supply Depot  
  14  0:24  SCV  
  15  0:29  Refinery  
  15  0:39  SCV  
  16  0:44  Barracks  
  16  0:51  SCV  
  17  1:03  SCV  
  18  1:15  SCV  
  19  1:31  Orbital Command, Reaper  
  20  1:44  Command Center  
  20  1:54  Factory  
  20  1:59  SCV  
  21  2:06  Barracks Reactor  
  21  2:09  Supply Depot  
  21  2:13  SCV  
  22  2:16  Refinery  
  22  2:25  SCV  
  23  2:37  SCV  
  24  2:45  Starport  
  24  2:47  Hellion x2  
  24  2:49  SCV  
  29  2:56  Orbital Command  
  29  3:01  SCV  
  30  3:08  Widow Mine x2  
  34  3:13  SCV  
  35  3:21  Medivac  
  35  3:23  SCV  
  35  3:25  SCV  
  35  3:26  Supply Depot  
  39  3:31  Widow Mine x2  
  43  3:35  SCV  
  43  3:37  SCV  
  45  3:47  SCV  
  45  3:50  SCV  
  46  3:58  Marine x2, Factory Tech Lab, Barracks  
  46  3:59  SCV, Starport Tech Lab  
  46  4:02  SCV, Supply Depot  
  50  4:11  SCV, Refinery  
  50  4:16  Siege Tank  
  54  4:19  Barracks  
  54  4:23  Marine x2, Supply Depot  
  54  4:24  SCV  
  57  4:25  SCV  
  57  4:27  Liberator  
  58  4:36  SCV  
  58  4:37  SCV  
  60  4:41  Marine x2  
  63  4:52  Siege Tank  
  64  4:55  SCV x2  
  64  4:59  Marine x2  
  64  5:00  Engineering Bay  
  64  5:01  Supply Depot  
  64  5:03  Combat Shields  
  64  5:04  Marine  
  64  5:06  Marine  
  66  5:09  SCV  
  66  5:10  SCV  
  66  5:13  Supply Depot  
  68  5:17  Marine, Supply Depot  
  68  5:20  Marine  
  70  5:23  Marine  
  70  5:24  Siege Tank  
  76  5:28  Supply Depot  
  76  5:29  Marine  
  76  5:30  Starport Reactor  
  75  5:37  Marine  
  75  5:38  Marine  
  75  5:39  Barracks  
  75  5:40  Barracks  
  75  5:42  Marauder  
  80  5:45  Terran Infantry Weapons Level 1  
  80  5:49  SCV x2  
  81  5:50  Refinery  
  81  5:55  Marine  
  82  6:02  Marauder, Stimpack, Factory Reactor  
  82  6:03  Marauder  
  86  6:05  Supply Depot  
  86  6:13  Marine x2  
  88  6:22  Marine  
  88  6:24  Marine, Medivac x2  
  93  6:26  SCV x2, Supply Depot  
  93  6:31  Marine x4  
  95  6:40  SCV x2  
  95  6:41  Marauder  
  95  6:42  Marauder, Widow Mine  
  103  6:49  Marine  
  103  6:53  Marine  
  97  6:57  Widow Mine  
  97  6:59  Medivac x2  
  91  7:01  Barracks Reactor  
  91  7:02  Barracks Tech Lab  
  91  7:03  Widow Mine  
  91  7:05  Marine x2  
  94  7:11  Marine x2  
  94  7:12  Supply Depot  
  94  7:22  Widow Mine  
  93  7:23  Concussive Shells, Marauder x2  
  93  7:29  Widow Mine  
  99  7:31  Marine x2  
  99  7:32  Medivac  
  103  7:40  Marine x2  
  105  7:44  Marine  
  105  7:45  Marauder  
  105  7:48  Marauder  
  105  7:49  Widow Mine  
  110  7:51  Terran Infantry Armor Level 1  
  110  7:52  Supply Depot  
  110  7:53  Medivac  
  110  7:54  Marine  
  110  7:55  Marine  
  110  7:57  Marine  
  115  8:01  Widow Mine  
  115  8:02  Marauder  
  115  8:04  Marine  
  120  8:06  Marauder  
  120  8:09  Marine  
  121  8:20  Command Center  
  121  8:23  Marine x2  
  121  8:24  Marauder  
  121  8:25  Widow Mine  
  115  8:28  Marine x2, Marauder x2  
  121  8:35  Medivac x2  
  121  8:36  Widow Mine  
  121  8:41  Marine x2  
  125  8:45  Marine  
  125  8:46  Marine x2  
  120  8:49  Marine  
  120  8:51  SCV x2  
  120  8:54  Marine  
  116  8:59  Marine  
  116  9:00  Marine, Widow Mine x2  
  122  9:03  Marauder  
  122  9:04  Marine  
  122  9:07  Marauder  
  127  9:11  Armory  
  127  9:12  SCV x2  
  127  9:14  Engineering Bay  
  129  9:21  Marauder  
  129  9:22  Marine x2  
  133  9:30  Marine  
  134  9:31  Marine  
  134  9:32  Marauder  
  134  9:34  Orbital Command  
  134  9:36  Marauder  
  139  9:42  Widow Mine x2  
  139  9:50  Marine x2  
  133  9:55  Liberator x2  
  117  10:04  Marauder  
  117  10:05  Marine x2, Marauder  
  114  10:07  Widow Mine x2  
  114  10:09  SCV x2  
  117  10:14  Marine  
  117  10:19  Marine x2  
  117  10:20  SCV  
  119  10:27  SCV x2  
  117  10:29  Missile Turret  
  117  10:31  Marine x2, Marauder x2  
  117  10:39  Marine x2  
  117  10:41  Widow Mine x2  
  103  10:43  SCV x2  
  103  10:45  Marine  
  103  10:49  Marine  
Show
View Real Time Build Order
Export as new Build Order

Zest Protoss - Winner!

Build Orders: 1 Gate Expand, Double Forge, Blink Stalkers 

Get SALT Encoding   

  12  0:00  Probe  
  13  0:13  Probe  
  14  0:17  Pylon  
  14  0:25  Probe (Chrono Boost)  
  15  0:37  Probe (Chrono Boost), Gateway  
  16  0:43  Probe (Chrono Boost)  
  16  0:45  Assimilator  
  17  0:51  Probe  
  18  1:03  Probe  
  19  1:15  Probe  
  20  1:23  Nexus  
  20  1:32  Cybernetics Core  
  20  1:35  Probe  
  21  1:40  Assimilator  
  21  1:47  Probe  
  21  1:50  Pylon  
  22  1:59  Probe  
  23  2:06  Stalker (Chrono Boost)  
  23  2:09  Warp Gate  
  23  2:12  Probe  
  26  2:24  Probe  
  26  2:28  Stalker  
  29  2:35  Twilight Council  
  29  2:36  Probe x2 (Chrono Boost)  
  31  2:46  Probe x2 (Chrono Boost)  
  31  2:51  Probe x2 (Chrono Boost)  
  35  2:58  Stalker  
  35  3:02  Probe x2  
  35  3:03  Blink (Chrono Boost)  
  39  3:13  Gateway  
  39  3:18  Gateway  
  39  3:21  Probe  
  39  3:22  Probe  
  41  3:34  Robotics Facility  
  41  3:35  Probe x2  
  43  3:47  Probe  
  43  3:48  Probe  
  45  3:49  Pylon  
  45  3:51  Assimilator  
  45  4:00  Probe  
  46  4:04  Nexus  
  46  4:07  Probe  
  46  4:08  Pylon  
  47  4:17  Stalker x2  
  47  4:19  Stalker  
  47  4:21  Observer  
  54  4:26  Pylon  
  54  4:37  Probe x2  
  56  4:44  Forge  
  56  4:45  Forge  
  53  4:58  Probe  
  53  4:59  Probe  
  55  5:02  Observer  
  56  5:11  Probe x2  
  56  5:12  Charge (Chrono Boost)  
  56  5:13  Protoss Ground Armor Level 1 (Chrono Boost), Protoss Ground Weapons Level 1 (Chrono Boost)  
  58  5:15  Observer, Gateway  
  58  5:17  Probe, Gateway  
  58  5:21  Gateway  
  59  5:23  Probe x2  
  61  5:29  Probe  
  61  5:34  Gateway  
  61  5:35  Probe  
  63  5:36  Gateway  
  63  5:38  Observer  
  63  5:39  Sentry x2  
  63  5:42  Probe x2  
  70  5:47  Probe  
  71  5:51  Pylon  
  71  5:59  Immortal (Chrono Boost)  
  71  6:02  Pylon  
  71  6:03  Probe x3  
  78  6:05  Pylon  
  78  6:09  Sentry  
  80  6:11  Pylon  
  80  6:15  Zealot x3, Pylon  
  86  6:31  Immortal (Chrono Boost)  
  86  6:39  Zealot x3  
  96  6:40  Zealot x4  
  96  6:41  Zealot  
  101  7:03  Stalker x2  
  101  7:04  Stalker  
  107  7:11  Probe x2  
  98  7:15  Probe (Chrono Boost)  
  98  7:23  Probe (Chrono Boost)  
  98  7:25  Probe (Chrono Boost)  
  98  7:27  Probe (Chrono Boost)  
  101  7:31  Protoss Ground Armor Level 2 (Chrono Boost), Protoss Ground Weapons Level 2 (Chrono Boost)  
  101  7:32  Probe (Chrono Boost)  
  101  7:33  Probe (Chrono Boost)  
  101  7:34  Probe (Chrono Boost)  
  104  7:37  Probe (Chrono Boost)  
  105  7:46  Probe  
  105  7:47  Probe  
  105  7:50  Photon Cannon  
  107  7:56  Probe  
  108  7:59  Probe x2, Warp Prism (Chrono Boost)  
  112  8:08  Probe  
  112  8:11  Stalker x2  
  117  8:14  Pylon  
  117  8:15  Pylon  
  117  8:17  Pylon  
  107  8:27  Probe  
  107  8:28  Probe x2  
  107  8:30  Assimilator  
  107  8:32  Assimilator  
  107  8:33  Stalker x5  
  114  8:54  Stalker x3  
  106  8:57  Zealot x2, Immortal  
  106  8:58  Zealot x3  
  120  9:06  Probe x3  
  120  9:08  Pylon  
  123  9:14  Photon Cannon  
  123  9:22  Zealot x7  
  123  9:23  Zealot  
  139  9:30  Dark Shrine  
  137  9:50  Stalker x2  
  113  10:01  Stalker x5  
  113  10:02  Stalker  
  113  10:03  Probe x2  
  127  10:12  Probe  
  126  10:15  Probe x2  
  128  10:24  Probe  
  129  10:29  Zealot  
  129  10:30  Zealot x5  
  129  10:32  Sentry  
  109  10:54  Zealot x7  
Tags
 
Add a new tag
Caveats
  • Supply blocks, unpowered buildings, or Contaminate may cause inaccurate times.
  • Supply counts are checked every 10 seconds.